 Dungeon Crawl Stone Soup version 0.29-a0-1033-gb6c65ffae6 (webtiles) character file.

Game seed: 13940674203306573056

1061 ragingrage the Summoner (level 8, -2/46 HPs)
             Began as an Octopode Summoner on Aug 14, 2022.
             Was an Initiate of Gozag.
             Shot with a bolt by an orc warrior (5 damage)
             ... on level 6 of the Dungeon.
             The game lasted 00:08:37 (6078 turns).

ragingrage the Summoner (Octopode Summoner)         Turns: 6078, Time: 00:08:37

Health: -2/46      AC:  1    Str:  7 (8)  XL:     8   Next: 27%
Magic:  14/14      EV: 13    Int: 25      God:    Gozag
Gold:   395        SH:  0    Dex: 10 (12) Spells: 6/15 levels left

rFire   . . .      SeeInvis .   a - +9 staff of Olgreb {rPois∞}
rCold   . . .      Faith    .   (no shield)
rNeg    . . .      Spirit   .   e - +0 hat
rPois   ∞          Reflect  .   w - amulet of magic regeneration
rElec   .          Harm     .   v - +6 ring of intelligence
rCorr   .          Rampage  .   p - ring of poison resistance
Will    .....                   (no ring)
Stlth   +++.......              (no ring)
HPRegen 0.15/turn               (no ring)
MPRegen 0.54/turn               (no ring)
                                (no ring)
                                (no ring)

@: gold aura
A: almost no armour, amphibious, 8 rings, camouflage 1, gelatinous body 1,
(nimble swimmer 1), tentacles
a: Renounce Religion, Evoke the Staff of Olgreb, Potion Petition, Call Merchant,
Bribe Branch


You were on level 6 of the Dungeon.
You worshipped Gozag.
Gozag was aware of your devotion.
You visited 2 branches of the dungeon, and saw 7 of its levels.

You collected 505 gold pieces.
You paid 110 gold pieces to Gozag.

Inventory:

Hand Weapons
 a - the +9 staff of Olgreb (weapon) {rPois∞}
   (You found it on level 6 of the Dungeon)

   If the wielder is skilled in Evocations, they can envenom those struck by it,
   dealing poison damage which bypasses armour.
   It enhances your poison magic.
   It grants immunity to poison.
   It can be activated via the 'a'bility menu to radiate toxic energy, with
   effectiveness depending on Evocations skill.
 b - the +10 morningstar "Eos" {elec, Halo rElec}
   (You found it on level 6 of the Dungeon)

   It occasionally discharges a powerful burst of electricity upon striking a
   foe.
   It grants its wielder a halo, revealing invisible creatures and increasing
   accuracy against all within it other than the wielder.
   rElec:     It insulates you from electricity.
 s - a +0 mace of protection
Missiles
 m - a throwing net
 A - 2 poisoned darts
Armour
 e - a +0 hat (worn)
Jewellery
 p - a ring of poison resistance (right tentacle)
 v - a +6 ring of intelligence (left tentacle)
 w - an amulet of magic regeneration (around mantle)
Wands
 n - a wand of flame (25)
Scrolls
 d - a scroll of vulnerability {unknown}
 g - a scroll of acquirement {unknown}
 h - 6 scrolls of identify {unknown}
 i - 3 scrolls of noise {unknown}
 k - a scroll of immolation {unknown}
 o - 2 scrolls of teleportation {unknown}
 r - a scroll of blinking {unknown}
 u - a scroll of enchant weapon {unknown}
Potions
 c - 2 potions of heal wounds {unknown}
 f - a potion of berserk rage {unknown}
 j - a potion of curing {unknown}
 l - a potion of attraction {unknown}
 q - a potion of degeneration
 t - 2 potions of mutation {unknown}
 x - a potion of haste {unknown}
 y - a potion of magic
 z - 2 potions of invisibility {unknown}


   Skills:
 - Level 2.0 Dodging
 - Level 2.6 Stealth
 - Level 4.0 Spellcasting
 * Level 9.5 Summonings


You had 6 spell levels left.
You knew the following spells:

 Your Spells              Type           Power      Damage    Failure   Level
a - Summon Small Mammal   Summ           100%       N/A       1%          1
b - Call Imp              Summ           52%        N/A       1%          2
c - Call Canine Familiar  Summ           52%        N/A       1%          3
d - Summon Guardian Gole  Hex/Summ       28%        N/A       3%          3

Your spell library contained the following spells:

 Spells                   Type           Power      Damage    Failure   Level
 Summon Lightning Spire   Summ/Air       28%        N/A       13%         4
 Gell's Gravitas          Tloc           5%         N/A       26%         3
 Portal Projectile        Hex/Tloc       10%        N/A       26%         3
 Teleport Other           Tloc           5%         N/A       26%         3
 Tukima's Dance           Hex            5%         N/A       26%         3
 Anguish                  Hex/Necr       2%         N/A       65%         4
 Blade Hands              Tmut           2%         N/A       94%         5
 Dispersal                Tloc           2%         N/A       100%        6
 Enfeeble                 Hex            2%         N/A       100%        7


Dungeon Overview and Level Annotations

Branches:
Dungeon (6/15)             Temple (1/1) D:5

Altars:
Ashenzari
Cheibriados
Fedhas
Gozag
Kikubaaqudgha
Makhleb
Nemelex Xobeh
Okawaru
Qazlal
Ru
Trog
Vehumet
Wu Jian
Yredelemnul

Shops:
D:3 (

Annotations:
D:1 exclusion: downstairs
D:5 exclusion: downstairs
D:6 Dowan, Maggie


Innate Abilities, Weirdness & Mutations

You cannot wear most types of armour.
You are amphibious.
You can wear up to eight rings at the same time.
Your skin changes colour to match your surroundings (Stealth+).
Your rubbery body absorbs attacks. (AC +1, EV +1)
((You are camouflaged when in or above water. (Stealth+)))
You have tentacles for arms and can constrict up to eight enemies at once.


Message History

Confirm with . or Enter, or press ? or * to list all spells.
The orc hits your crimson imp but does no damage.
Your crimson imp closely misses the orc.
The orc is distracted by your dazzling golden aura.
Your crimson imp closely misses the orc.
The orc shouts!
You swap places.
The orc warrior is no longer distracted by gold.
The orc warrior is distracted by your dazzling golden aura.
Your crimson imp hits the orc but does no damage.
The orc is no longer distracted by gold.
The orc misses your crimson imp.
Your crimson imp barely misses the orc.
The orc warrior is no longer distracted by gold.
The orc hits your crimson imp with a +0 club.
Your crimson imp blinks!
Your wolf is engulfed in blazing flames.
Your wolf bites the orc!
The orc dies!
The orc warrior unwields a +0 dire flail.
The orc warrior wields a +0 arbalest.
The orc warrior shoots a bolt.
The bolt barely misses your wolf. The bolt hits you!!
Your wolf is engulfed in blazing flames.
Your crimson imp barely misses the orc warrior.
Your wolf bites the orc warrior but does no damage.
The orc warrior shoots a bolt.
The bolt barely misses your wolf. The bolt hits you!
* * * LOW HITPOINT WARNING * * *
Your wolf bites the orc warrior.
Your crimson imp hits the orc warrior but does no damage.
Your wolf bites the orc warrior!
The orc warrior shoots a bolt.
The bolt hits your wolf!
Your wolf dies!
Your wolf's corpse disappears in a puff of smoke!
Your crimson imp closely misses the orc warrior.
The orc warrior shoots a bolt.
The bolt hits you!
* * * LOW HITPOINT WARNING * * *
Your crimson imp blinks!
The orc warrior shoots a bolt.
The bolt hits you.
You die...
Your body crumbles into a pile of gold.

....# ....# ############
....# . ....:..># ....#
#.#.#.##..# ..o.#
#####.#.#.##..# .)..#
#.........)...####o...##
######..##.....<$§....#
. ###..##@#.####.....#
.###+#####......)..#
.....#
.........#.#####.###
.....#
#..(...............
.....#
+........###########
###### #........#
......(..# .........#
.........######


You could see an orc warrior.

Vanquished Creatures
  A phantom (D:6)
  A hound (D:5)
  An adder (D:4)
  A worm (D:2)
  A dart slug (D:4)
  2 orcs (D:3)
  2 ball pythons
  A bat (D:2)
  An endoplasm (D:1)
  3 giant cockroaches
  3 kobolds (D:3)
  4 quokkas
  A frilled lizard (D:2)
  3 rats (D:3)
25 creatures vanquished.

Vanquished Creatures (collateral kills)
  A centaur (D:6)
  An ogre (D:2)
  2 hounds
  An orc priest (D:6)
  An orc wizard (D:5)
  Terence (D:3)
  7 gnolls
  7 adders
  2 white imps (D:6)
  A worm (D:2)
  A dart slug (D:5)
  8 orcs
  5 bats (D:1)
  8 endoplasms
  4 giant cockroaches
  2 goblins (D:1)
  4 hobgoblins
  6 jackals (D:1)
  3 quokkas
  3 ball pythons
  2 frilled lizards
  4 kobolds
  2 rats (D:2)
76 creatures vanquished.

Vanquished Creatures (others)
  2 yaks (D:6)
  A centaur (D:6)
  An iguana (D:6)
  An orc (D:6)
5 creatures vanquished.

Grand Total: 106 creatures vanquished

Notes
Turn   | Place    | Note
-------+----------+-------------------------------------------
     0 | D:1      | ragingrage the Octopode Summoner began the quest for the
                  | Orb.
     0 | D:1      | Reached XP level 1. HP: 11/11 MP: 3/3
   179 | D:1      | Found a faded altar of an unknown god.
   276 | D:1      | Reached XP level 2. HP: 17/17 MP: 1/5
   356 | D:1      | Learned a level 2 spell: Call Imp
   675 | D:1      | Reached XP level 3. HP: 17/21 MP: 3/6
  1549 | D:2      | Reached skill level 5 in Summonings
  1776 | D:2      | Reached XP level 4. HP: 27/27 MP: 4/8
  2076 | D:2      | Learned a level 3 spell: Call Canine Familiar
  2183 | D:2      | Noticed an ogre
  2331 | D:2      | Killed an ogre
  2332 | D:2      | Reached XP level 5. HP: 31/31 MP: 4/9
  2802 | D:3      | Reached skill level 6 in Summonings
  3034 | D:3      | Found Xuidier's Weapon Emporium.
  3058 | D:3      | Reached XP level 6. HP: 27/36 MP: 0/11
  3165 | D:3      | Noticed Terence
  3188 | D:3      | Killed Terence
  4290 | D:5      | Entered Level 5 of the Dungeon
  4320 | D:5      | Found a staircase to the Ecumenical Temple.
  4335 | Temple   | Entered the Ecumenical Temple
  4479 | Temple   | Became a worshipper of Gozag Ym Sagoz the Greedy
  4686 | D:5      | Reached skill level 7 in Summonings
  4694 | D:5      | Reached XP level 7. HP: 39/41 MP: 9/13
  5135 | D:6      | Noticed Dowan
  5135 | D:6      | Noticed Maggie
  5308 | D:6      | Learned a level 3 spell: Summon Guardian Golem
  5578 | D:6      | Found a radiant altar of Vehumet.
  5578 | D:6      | Noticed a yak
  5578 | D:6      | Noticed a yak
  5578 | D:6      | Noticed a yak
  5578 | D:6      | Noticed a yak
  5578 | D:6      | Noticed a yak
  5608 | D:6      | Killed a yak
  5609 | D:6      | Reached skill level 8 in Summonings
  5615 | D:6      | Killed a yak
  5616 | D:6      | Reached XP level 8. HP: 46/46 MP: 6/14
  5862 | D:6      | Found the +9 staff of Olgreb {rPois∞}
  5874 | D:6      | Found the +10 morningstar "Eos" {elec, Halo rElec}
  5996 | D:6      | Reached skill level 9 in Summonings
  6078 | D:6      | Shot with a bolt by an orc warrior

Illustrated notes

Levels and vault maps discovered:
D:1:      sevenhm_arrival_forest_fort_large_2, layout_loops_ring,
          ebering_ecumenical_altar_hall
D:2:      layout_loops_cross, serial_glass, glass_columns_b, glass_columns_a
D:3:      layout_rooms, serial_shops, nicolae_shop_bloodbath_and_beyond,
          grunt_ministairs_14, minmay_bisected, uniq_terence
D:4:      layout_basic
D:5:      layout_cave_pools, minmay_temple_entry_trees, serial_park_tiny_pond
D:6:      layout_basic, nicolae_vehumet_altar_sigil, uniq_duvessa, uniq_maggie
Temple:   mainiacjoe_temple_circle_huts

Skill      XL: |  1  2  3  4  5  6  7  8 |
---------------+-------------------------+-----
Summonings     | 5 6 7 8 9 |  9.5
Spellcasting   | 3 4 |  4.0
Dodging        | |  2.0
Stealth        | |  2.6

Action                   |  1- 3 |  4- 6 |  7- 9 || total
-------------------------+-------+-------+-------++-------
Melee: Unarmed           |    20 |    35 |       ||    55
       Constrict         |     5 |    19 |       ||    24
       Tentacles         |     3 |    10 |     1 ||    14
       Mace              |       |    12 |     4 ||    16
 Cast: Summon Small Mamm |    36 |    33 |     7 ||    76
       Call Imp          |    14 |    18 |     5 ||    37
       Call Canine Famil |       |    12 |     6 ||    18
       Summon Guardian G |       |       |     5 ||     5
  Use: Potion            |       |       |     1 ||     1
 Stab: Sleeping          |     2 |     1 |       ||     3
       Distracted        |       |     1 |       ||     1
Armor: Skin              |     1 |     9 |       ||    10
Dodge: Dodged            |    29 |    49 |     8 ||    86

Table legend: (Time is in decaauts)
 A = Elapsed time spent in this place.
 B = Non-inter-level travel time spent in this place.
 C = Inter-level travel time spent in this place.
 D = Time resting spent in this place.
 E = Time spent auto-exploring this place.
 F = Levels seen in this place.
 G = Mean time per level.
                   A        B        C        D        E       F      G
               +--------+--------+--------+--------+--------+-----+--------+
         Total |   6080 |   5769 |    311 |    935 |   3770 |   7 |  868.6 |
       Dungeon |   5915 |   5644 |    271 |    935 |   3658 |   6 |  985.8 |
        Temple |    165 |    125 |     40 |      0 |    112 |   1 |  165.0 |
               +--------+--------+--------+--------+--------+-----+--------+

Top non-repeatable levels by time:
     D:1: 1315 daAuts
     D:2: 1151 daAuts
     D:3: 1128 daAuts
     D:6: 916 daAuts
     D:5: 706 daAuts
     D:4: 696 daAuts
  Temple: 165 daAuts
